AoeStats
← Hotsochu

Four Lakes

509419361Analyzed
1v1 RM · 4d ago on Sep 26, 2026· 45m 55s· 2 players
Game mode
Random Map
Map size
Tiny (2 player)
Population
200
Speed
Normal
Resources
Standard
Victory
Conquest
Starting age
Dark Age
Ending age
Imperial Age
RankedLock teamsTeams togetherTeam positionsShared explorationLock speedFull tech treeHidden civsTurbo modeCheats
Victory
Defeat
🇰🇿 Mongols · Kazakhstan
801
+17
🇫🇮 Britons · Finland
826
-17
No sounds
9:12 Feudal Age
9:46 Double-Bit Axe
11:05 Horse Collar
13:00 Bloodlines
19:19 Wheelbarrow
19:00 Scale Barding Armor
22:24 Castle Age
21:54 Fletching
22:05 Padded Archer Armor
23:22 Thumb Ring
23:14 Bodkin Arrow
23:35 Leather Archer Armor
23:15 Bodkin Arrow
24:15 Husbandry
23:39 Light Cavalry
31:03 Hand Cart
30:40 Town Watch
30:42 Loom
31:58 Forging
31:48 Scale Mail Armor
31:56 Thumb Ring
34:24 Bow Saw
35:24 Leather Archer Armor
35:30 Chain Barding Armor
36:04 Chain Barding Armor
36:05 Heavy Plow
36:12 Town Patrol
38:09 Iron Casting
41:24 Imperial Age
39:17 Gold Mining
39:18 Stone Mining
40:23 Ballistics
40:14 Masonry
40:07 Squires
40:57 Chain Mail Armor
43:29 Parthian Tactics
42:25 Heavy Cavalry Archer
43:29 Conscription
45:49 Hoardings
45:31 Heavy Camel Rider
45:35 Hussar
Hotsochu
10:24 Feudal Age
9:08 Loom
12:00 Double-Bit Axe
15:55 Fishing Lines
20:45 Castle Age
19:48 Gold Mining
21:09 Crossbowman
22:30 Fletching
25:44 Gold Shaft Mining
26:00 Husbandry
25:59 Gillnets
28:40 Bodkin Arrow
31:42 Scale Barding Armor
31:34 Stone Mining
34:53 Imperial Age
34:03 Ballistics
35:35 Chain Barding Armor
35:29 Arbalester
36:19 Bracer
36:20 Padded Archer Armor
37:26 Chemistry
38:41 Conscription
41:00 Bow Saw
41:25 Leather Archer Armor
Connection lost

Rejoining the realm…

Still unreachable

The connection could not be restored.

Session expired

The server has moved on; the page needs a fresh start.